 Dungeon Crawl Stone Soup version 0.23.1-37-gaa34b87 (webtiles) character file.

Game seed: 2845864821016340606

428 vishdafish the Changer (level 6, 0/38 HPs)
             Began as an Octopode Transmuter on Mar 21, 2019.
             Slain by an iguana (10 damage)
             ... on level 5 of the Dungeon.
             The game lasted 00:06:04 (5028 turns).

vishdafish the Changer (Octopode Transmuter)        Turns: 5028, Time: 00:06:05

Health: 0/38       AC:  1    Str:  9    XL:     6   Next: 98%
Magic:  9/9        EV: 13    Int: 16    God:
Gold:   187        SH:  0    Dex: 12    Spells: 1/9 levels left

rFire    . . .     SeeInvis .     - Unarmed
rCold    . . .     Gourm    .   (no shield)
rNeg     . . .     Faith    .   (helmet restricted)
rPois    +         Spirit   .   (no amulet)
rElec    .         Reflect  .   p - ring of resist corrosion
rCorr    +         Harm     .   (no ring)
MR       .....                  (no ring)
Stlth    ++........             (no ring)
HPRegen  0.12/turn              (no ring)
MPRegen  0.11/turn              (no ring)
                                (no ring)
                                (no ring)

@: lightly drained
A: almost no armour, stealthy swim, amphibious, 8 rings, constrict 8, camouflage
1, poison resistance, weak 1, gelatinous body 1
a: no special abilities


You were on level 5 of the Dungeon.
You were very hungry.

You visited 1 branch of the dungeon, and saw 5 of its levels.

You collected 187 gold pieces.

Inventory:

Missiles
 a - 35 arrows
Jewellery
 d - an uncursed ring of ice
 i - an uncursed amulet of harm
 p - a ring of resist corrosion (left tentacle)
Wands
 r - a wand of disintegration (14)
Scrolls
 b - 3 scrolls of identify
 e - 5 scrolls of teleportation
 g - 2 scrolls of remove curse
 h - 3 scrolls of fog
 n - a scroll of fear {unknown}
Potions
 f - a potion of might
 j - 3 potions of flight
 k - a potion of invisibility
 l - a potion of brilliance
 m - a potion of haste
 o - a potion of lignification {unknown}
 q - a potion of magic {unknown}
Comestibles
 c - 5 rations


   Skills:
 - Level 1.0(0.8) Fighting
 - Level 2.0(1.8) Dodging
 - Level 3.0(2.8) Unarmed Combat
 - Level 2.0(1.8) Spellcasting
 + Level 7.2(7.1) Transmutations


You had one spell level left.
You knew the following spells:

 Your Spells              Type           Power        Failure   Level  Hunger
a - Beastly Appendage     Tmut           ###...       1%          1    #......
b - Sticks to Snakes      Tmut           ###.....     1%          2    ###....
c - Blade Hands           Tmut           ###.......   30%         5    ######.

Your spell library contained the following spells:

 Spells                   Type           Power        Failure   Level  Hunger
 Spider Form              Tmut/Pois      ##........   14%         3    ###....
 Ice Form                 Ice/Tmut       ##......     43%         4    #####..


Dungeon Overview and Level Annotations

Branches:
Dungeon (5/15)
 Temple: D:4-7

Altars:
Okawaru
Uskayaw
Zin


Innate Abilities, Weirdness & Mutations

You cannot wear most types of armour.
You are very stealthy in the water. (Stealth+)
You are amphibious.
You can wear up to eight rings at the same time.
You can use your tentacles to constrict eight enemies at once.
Your skin changes colour to match your surroundings (Stealth+).
Your rubbery body absorbs attacks. (AC +1, EV +1)
Your system is resistant to poisons. (rPois)
You are weak. (Str -2)


Message History

You constrict the iguana, but do no damage.
The iguana bites you!
You are too injured to fight recklessly!
You are too injured to fight recklessly!
You are too injured to fight recklessly!
You tentacle-slap the iguana.
The iguana is heavily wounded.
You constrict the iguana, but do no damage.
The iguana closely misses you.
You tentacle-slap the iguana but do no damage.
The iguana is heavily wounded.
You constrict the iguana. The iguana bites you!
* * * LOW HITPOINT WARNING * * *
You tentacle-slap the iguana but do no damage.
The iguana is heavily wounded.
You constrict the iguana.
You tentacle-slap the iguana but do no damage.
The iguana is severely wounded.
You constrict the iguana. The iguana bites you!
You die...

##########
#.@lh.?...
#.######## #.#
#.# #.######
#......#######
#########........
.........########
................


You could see an iguana and a hound.

Vanquished Creatures
  Eustachio (D:4)
  Jessica (D:2)
  Natasha (twice) (D:2)
  2 orc wizards (D:4)
  7 adders
  5 worms
  A dart slug (D:1)
  5 orcs
  9 bats
  6 giant cockroaches
  6 goblins
  8 hobgoblins
  8 jackals (D:1)
  2 quokkas (D:4)
  4 frilled lizards
  9 kobolds
  11 rats
87 creatures vanquished.

Notes
Turn   | Place    | Note
-------+----------+-------------------------------------------
     0 | D:1      | vishdafish the Octopode Transmuter began the quest for the
                  | Orb.
     0 | D:1      | Reached XP level 1. HP: 13/13 MP: 3/3
    90 | D:1      | Reached XP level 2. HP: 7/18 MP: 5/5
   399 | D:1      | Reached skill level 3 in Transmutations
   751 | D:1      | Reached XP level 3. HP: 20/23 MP: 6/6
   953 | D:2      | Noticed Jessica
   957 | D:2      | Killed Jessica
   957 | D:2      | Reached skill level 4 in Transmutations
  1161 | D:2      | Found a hide-covered altar of Uskayaw.
  1165 | D:2      | Noticed Natasha
  1167 | D:2      | Reached XP level 4. HP: 28/28 MP: 7/7
  1173 | D:2      | Killed Natasha
  1458 | D:2      | Found a glowing silver altar of Zin.
  2035 | D:2      | Noticed Natasha
  2042 | D:2      | Killed Natasha
  2042 | D:2      | Reached skill level 5 in Transmutations
  2042 | D:2      | Reached XP level 5. HP: 20/33 MP: 6/8
  2157 | D:2      | Learned a level 2 spell: Sticks to Snakes
  2163 | D:2      | Learned a level 5 spell: Blade Hands
  3635 | D:3      | Gained mutation: You are weak. (Str -2) [potion of
                  | mutation]
  3635 | D:3      | Gained mutation: Your system is resistant to poisons.
                  | (rPois) [potion of mutation]
  3703 | D:4      | Reached skill level 6 in Transmutations
  3951 | D:4      | Reached XP level 6. HP: 34/38 MP: 9/9
  3989 | D:4      | Noticed Eustachio
  4169 | D:4      | Killed Eustachio
  4169 | D:4      | Reached skill level 7 in Transmutations
  4510 | D:4      | Found an iron altar of Okawaru.
  4970 | D:5      | Entered Level 5 of the Dungeon
  5028 | D:5      | Slain by an iguana

Skill      XL: |  1  2  3  4  5  6 |
---------------+-------------------+-----
Transmutations | 3 4 5 6 7 |  7.2
Fighting       | |  1.0
Dodging        | |  2.0
Unarmed Combat | |  3.0
Spellcasting   | |  2.0

Action                   |  1- 3 |  4- 6 || total
-------------------------+-------+-------++-------
Melee: Unarmed           |    60 |   195 ||   255
       Constrict         |    18 |    45 ||    63
       Tentacles         |     9 |    33 ||    42
       Punch             |     3 |       ||     3
       Kick              |       |    12 ||    12
 Cast: Beastly Appendage |       |     5 ||     5
       Blade Hands       |       |     1 ||     1
Evoke: Wand              |       |     6 ||     6
  Use: Scroll            |       |     8 ||     8
       Potion            |       |     1 ||     1
 Stab: Sleeping          |     7 |    12 ||    19
  Eat: Chunk             |       |     9 ||     9
       Ration            |       |     1 ||     1
Armor: Skin              |     3 |    15 ||    18
Dodge: Dodged            |    54 |   125 ||   179
